 Dungeon Crawl Stone Soup version 0.27.1-33-g824d729ab1 (webtiles) character file.

Game seed: 6924156007177911242

504 jlumianski the Chopper (level 7, 0/44 HPs)
             Began as a Gargoyle Monk on Dec 15, 2021.
             Slain by a gnoll (8 damage)
             ... on level 3 of the Dungeon.
             The game lasted 00:10:23 (2885 turns).

jlumianski the Chopper (Gargoyle Monk)              Turns: 2885, Time: 00:10:23

Health: 0/44       AC: 14    Str: 17    XL:     7   Next: 17%
Magic:  7/7        EV:  8    Int: 10    God:
Gold:   89         SH:  0    Dex: 18    Spells: 6/6 levels left

rFire    . . .     SeeInvis .   a - +0 hand axe
rCold    . . .     Faith    .   (no shield)
rNeg     + . .     Spirit   .   n - +0 chain mail
rPois    ∞         Reflect  .   c - +0 helmet
rElec    +         Harm     .   (no cloak)
rCorr    .         Rampage  .   (no gloves)
Will     .....                  (no boots)
Stlth    ..........             (no amulet)
HPRegen  0.14/turn              k - +6 ring of dexterity
MPRegen  0.10/turn              (no ring)

@: no status effects
A: sickness immunity, AC +4, negative energy resistance 1, electricity
resistance, torment resistance 1, petrification resistance
a: no special abilities


You were on level 3 of the Dungeon.
You visited 1 branch of the dungeon, and saw 4 of its levels.
You also visited: Sewer.

You collected 89 gold pieces.

Inventory:

Hand Weapons
 a - a +0 hand axe (weapon)
 j - a +0 hunting sling
Missiles
 d - 25 poisoned darts (quivered)
 g - 93 stones
 h - 3 boomerangs
 i - a curare-tipped dart
Armour
 b - a +0 robe
 c - a +0 helmet (worn)
 f - a +0 ring mail
 l - a +0 scale mail
 n - a +0 chain mail (worn)
 o - a +0 helmet
Jewellery
 k - a +6 ring of dexterity (left hand)
Scrolls
 e - 3 scrolls of magic mapping {unknown}
Potions
 m - a potion of might {unknown}
 p - 2 potions of curing
 q - a potion of heal wounds
 r - a potion of flight
 s - a potion of attraction {unknown}
 t - a potion of haste {unknown}


   Skills:
 + Level 4.8 Fighting
 + Level 5.1 Axes
 + Level 0.6 Throwing
 + Level 2.7 Armour
 + Level 3.3 Dodging
 + Level 3.0 Stealth


You had 6 spell levels left.
You didn't know any spells.
Your spell library contained the following spells:

 Spells                   Type           Power      Damage    Failure   Level
 Apportation              Tloc           0%         N/A       99%         1
 Alistair's Intoxication  Tmut/Pois      0%         N/A       100%        5
 Invisibility             Hex            0%         N/A       100%        6


Dungeon Overview and Level Annotations

Branches:
Dungeon (4/15)              Sewer (visited)
 Temple: D:4-7

Altars:

Annotations:
D:3 3 runed translucent doors, Roc's ghost, amateur MiFi


Innate Abilities, Weirdness & Mutations

You are immune to sickness and miasma.
Your stone body is resilient. (AC +4)
You are immune to poison.
You resist negative energy. (rN+)
You are resistant to electric shocks. (rElec)
You are resistant to unholy torment.
You are immune to petrification.


Message History

Aim: a gnoll, wielding a +0 spear (65% to hit)
You throw a poisoned dart. The poisoned dart hits the gnoll.
A gnoll comes into view. It is wielding a +0 halberd.
The gnoll hits you but does no damage.
Throw: 27 darts (poison)
Press: ? - help, Q - select action, (/) - cycle Shift-Dir - straight line, f/p - gnoll
Aim: a gnoll, wielding a +0 spear (66% to hit)
You throw a poisoned dart.
The poisoned dart barely misses the gnoll.
The poisoned dart barely misses the gnoll.
The gnoll shouts!
The gnoll hits you from afar with a +0 spear.
Throw: 26 darts (poison)
Press: ? - help, Q - select action, (/) - cycle Shift-Dir - straight line, f/p - gnoll
Aim: a gnoll, wielding a +0 spear (65% to hit)
You throw a poisoned dart. The poisoned dart hits the gnoll.
The gnoll is poisoned.
The gnoll hits you from afar with a +0 spear.
The gnoll barely misses you.
The gnoll hits you from afar with a +0 halberd.
You hit the gnoll.
The gnoll is heavily wounded.
The gnoll hits you but does no damage. The gnoll closely misses you.
You slash the gnoll!
You kill the gnoll!
The gnoll hits you but does no damage.
The gnoll hits you from afar with a +0 halberd!
The gnoll closely misses you.
Things that are here:
a +0 spear; 2 poisoned darts You hit the gnoll but do no damage.
The gnoll hits you but does no damage. x2
You hit the gnoll but do no damage.
The gnoll hits you from afar with a +0 halberd.
The gnoll hits you with a +0 halberd!
You hit the gnoll.
The gnoll is heavily wounded.
The gnoll hits you from afar with a +0 halberd!
* * * LOW HITPOINT WARNING * * *
The gnoll hits you with a +0 halberd!
You die...

.#
#####......#.###
................
######.......###
#..........
#....#..####
#...........
#.#..########
#.#.........#
#@#)........#
#g#.#########
#g### #(. ###


You could see 2 gnolls.

Vanquished Creatures
  Sigmund (D:2)
  A kobold brigand (Sewer)
  Terence (D:2)
  Natasha (thrice) (D:3)
  Robin (D:3)
  6 adders
  2 gnolls
  A river rat (Sewer)
  A worm (D:2)
  2 dart slugs
  4 orcs (D:3)
  6 ball pythons
  3 endoplasms
  2 giant cockroaches
  11 goblins
  6 hobgoblins
  9 jackals
  2 quokkas
  2 bats (D:2)
  2 frilled lizards
  8 kobolds
  6 rats
80 creatures vanquished.

Notes
Turn   | Place    | Note
-------+----------+-------------------------------------------
     0 | D:1      | jlumianski the Gargoyle Monk began the quest for the Orb.
     0 | D:1      | Reached XP level 1. HP: 14/14 MP: 1/1
    48 | D:1      | Found a faded altar of an unknown god.
   143 | D:1      | Reached XP level 2. HP: 10/19 MP: 2/2
   319 | D:1      | Reached skill level 3 in Axes
   530 | D:1      | Reached XP level 3. HP: 23/23 MP: 3/3
   880 | D:2      | Noticed Sigmund
  1225 | D:2      | Killed Sigmund
  1226 | D:2      | Reached skill level 4 in Axes
  1226 | D:2      | Reached skill level 1 in Armour
  1226 | D:2      | Reached XP level 4. HP: 17/29 MP: 4/4
  1226 | D:2      | Reached XP level 5. HP: 19/33 MP: 5/5
  1535 | D:2      | Reached XP level 6. HP: 33/39 MP: 6/6
  1712 | D:2      | Noticed Terence
  1729 | D:2      | Killed Terence
  1887 | D:3      | Found a runed translucent gate.
  1887 | D:3      | Found a runed translucent gate.
  1888 | D:3      | Found a runed translucent gate.
  1891 | D:3      | Noticed Roc's ghost (amateur MiFi)
  2034 | D:3      | Noticed Natasha
  2042 | D:3      | Killed Natasha
  2051 | D:3      | Noticed Natasha
  2061 | D:3      | Killed Natasha
  2089 | D:3      | Noticed Robin
  2131 | D:3      | Killed Robin
  2421 | D:3      | Found a glowing drain.
  2425 | Sewer    | Entered a sewer
  2540 | Sewer    | Reached skill level 5 in Axes
  2540 | Sewer    | Reached XP level 7. HP: 44/44 MP: 7/7
  2570 | Sewer    | Found a white marble altar of Elyvilon.
  2679 | D:3      | Noticed Natasha
  2687 | D:3      | Killed Natasha
  2885 | D:3      | Slain by a gnoll

Illustrated notes

Levels and vault maps discovered:
D:1:      amcnicky_arrival_double_pillar, layout_basic,
          hellmonk_ecumenical_altar_heavens_door
D:2:      layout_rooms, uniq_terence, uniq_sigmund
D:3:      layout_basic, gammafunk_ghost_split, gup_sewer_entry_bowl,
          minmay_quantized, uniq_robin, uniq_natasha
D:4:      layout_basic

Skill      XL: |  1  2  3  4  5  6 |
---------------+-------------------+-----
Axes           | 3 4 5 |  5.1
Fighting       | 4 |  4.8
Armour         | 1 2 |  2.7
Dodging        | 3 |  3.3
Stealth        | 3 |  3.0
Throwing       | |  0.6

Action                   |  1- 3 |  4- 6 |  7- 9 || total
-------------------------+-------+-------+-------++-------
Melee: Hand axe          |    72 |   182 |    13 ||   267
Throw: Dart              |     3 |     8 |     6 ||    17
  Use: Scroll            |       |     2 |       ||     2
       Potion            |       |     1 |     1 ||     2
 Stab: Sleeping          |     2 |     1 |       ||     3
Armor: Robe              |    13 |       |       ||    13
       Ring mail         |    22 |    18 |       ||    40
       Chain mail        |       |    37 |     8 ||    45
       Scale mail        |       |    35 |       ||    35
Dodge: Dodged            |    56 |    98 |     7 ||   161
